 Dungeon Crawl Stone Soup version 0.31-a0-325-g067879e3d3 (webtiles) character file.

Game seed: 541608941793895451

123 AdnanSaban the Covered (level 5, -1/33 HPs)
             Began as a Gargoyle Fighter on July 18, 2023.
             Slain by a hornet (6 damage)
             ... on level 6 of the Dungeon.
             The game lasted 00:02:25 (1911 turns).

AdnanSaban the Covered (Gargoyle Fighter)           Turns: 1911, Time: 00:02:25

Health: -1/33      AC: 12    Str: 21    XL:     5   Next: 7%
Magic:  5/5        EV:  9    Int:  9    God:
Gold:   99         SH:  4    Dex:  9    Spells: 4/4 levels left

rFire   . . .        a - +0 flail
rCold   . . .        c - +0 buckler
rNeg    + . .        b - +0 scale mail
rPois   ∞            (no helmet)
rElec   +            h - +0 cloak
rCorr   .            (no gloves)
SInv    .            (no boots)
Will    .....        (no amulet) Stlth
                     (no ring)
HPRegen 0.25/turn    (no ring)
MPRegen 0.09/turn

%: no passive effects
@: no status effects
A: sickness immunity, AC +4, negative energy resistance 1, electricity
resistance, torment resistance 1, petrification resistance
a: no special abilities


You were on level 6 of the Dungeon.
You visited 1 branch of the dungeon, and saw 4 of its levels.

You collected 99 gold pieces.

Inventory:

Hand Weapons
 a - a +0 flail (weapon)
Armour
 b - a +0 scale mail (worn)
 c - a +0 buckler (worn)
 h - a +0 cloak (worn)
Scrolls
 f - 2 scrolls of fear {unknown}
 g - 2 scrolls of teleportation {unknown}
 l - a scroll of identify {unknown}
 m - 2 scrolls of immolation {unknown}
Potions
 d - a potion of might
 e - 2 potions of curing {unknown}
 i - a potion of heal wounds {unknown}
 j - a potion of enlightenment {unknown}
 k - a potion of haste {unknown}
 n - 2 potions of brilliance {unknown}


   Skills:
 + Level 3.9 Fighting
 + Level 3.7 Maces & Flails
 + Level 4.0 Armour
 + Level 3.8 Shields


You had 4 spell levels left.
You didn't know any spells.
Your spell library contained the following spells:

 Spells                   Type           Power      Damage    Failure   Level
 Frozen Ramparts          Ice            0%         1d1       98%         3
 Petrify                  Tmut/Erth      0%         N/A       100%        4
 Metabolic Englaciation   Hex/Ice        0%         N/A       100%        5


Dungeon Overview and Level Annotations

Branches:
Dungeon (6/15)
 Temple: D:4-7

Altars:
Yredelemnul
The Shining One


Innate Abilities, Weirdness & Mutations

You are immune to sickness and miasma.
Your stone body is resilient. (AC +4)
You are immune to poison.
You resist negative energy. (rN+)
You are resistant to electric shocks. (rElec)
You are resistant to unholy torment.
You are immune to petrification.


Message History

There is an open door here.
A gnoll comes into view. It is wielding a +0 club.
The gnoll shouts!
You hear a shout! x4
A hornet comes into view.
The hornet buzzes angrily.
You hear an angry hiss.
An orc comes into view. It is wielding a +0 flail.
The orc shouts!
You hear a shout!
You block the hornet's attack.
A jelly comes into view.
A gnoll and an orc come into view.
The jelly quivers.
The gnoll shouts!
The hornet barely misses you. The hornet stings you.
The gnoll moves out of view.
A gnoll comes into view. It is wielding a +3 whip.
The hornet attacks as you move away!
The hornet stings you but does no damage.
A gnoll breaks down the door.
The hornet barely misses you.
Found 12 gold pieces.
The hornet attacks as you move away! The hornet barely misses you.
The hornet stings you. The hornet attacks as you move away!
The hornet stings you.
The jelly jiggles.
The hornet stings you but does no damage.
The hornet attacks as you move away!
The hornet stings you but does no damage.
The hornet stings you but does no damage.
The hornet attacks as you move away! The hornet stings you.
The hornet closely misses you.
Found a plate armour.
Found a tourmaline ring.
Found a stone staircase leading up.
A hound comes into view.
The hornet stings you!
An ogre comes into view. It is wielding a +0 giant spiked club.
The ogre shouts!
The hornet stings you!
* * * LOW HITPOINT WARNING * * *
The hound bites you but does no damage. The ogre hits you but does no damage.
The hound bites you but does no damage. The hornet stings you.
You die...

#.#...#
...##+##...#.#
+....o+##g.#
#.###.# #.##
#..###..###########
#.#.oJ#............
#...#..o...........
########....O......
#.oy@......#
#..h......#.
#.....[<..#
#..........#
#...........
.....=##...#
.......# ..#.
........# ..


You could see a hornet, an orc warrior, an ogre, a hound, a jelly, a gnoll and 2
orcs.

Vanquished Creatures
  A gnoll bouda (D:6)
  A sleepcap (D:6)
  3 worms (D:2)
  2 dart slugs (D:1)
  6 orcs
  3 ball pythons
  4 endoplasms
  2 giant cockroaches
  4 goblins
  4 hobgoblins
  A quokka (D:2)
  5 bats (D:1)
  4 frilled lizards
  4 kobolds
  4 rats
48 creatures vanquished.

Notes
Turn   | Place    | Note
-------+----------+-------------------------------------------
     0 | D:1      | AdnanSaban the Gargoyle Fighter began the quest for the
                  | Orb.
     0 | D:1      | Reached XP level 1. HP: 14/14 MP: 1/1
   128 | D:1      | Found a faded altar of an unknown god.
   154 | D:1      | Reached XP level 2. HP: 19/19 MP: 2/2
   844 | D:1      | Reached XP level 3. HP: 22/23 MP: 3/3
  1596 | D:2      | Reached XP level 4. HP: 28/29 MP: 4/4
  1660 | D:3      | You fall into a shaft and drop 3 floors!
  1668 | D:6      | Found a basalt altar of Yredelemnul.
  1701 | D:6      | Reached skill level 4 in Armour
  1741 | D:6      | Found a glowing golden altar of the Shining One.
  1747 | D:6      | Reached XP level 5. HP: 15/33 MP: 5/5
  1857 | D:6      | Noticed an orc warrior
  1857 | D:6      | Noticed a steam dragon
  1884 | D:6      | Noticed an ogre
  1893 | D:6      | Noticed a hornet
  1908 | D:6      | Noticed an ogre
  1911 | D:6      | Slain by a hornet

Illustrated notes

Levels and vault maps discovered:
D:1:      minmay_arrival_glassed_features, layout_loops_corners,
          nicolae_ecumenical_lake_church, minmay_misc_feat_nine_boxes,
          minmay_misc_feat_enclosed
D:2:      layout_basic
D:3:      layout_basic, mainiacjoe_overflow_surrounded_room,
          mainiacjoe_overflow_two_lobes,
          nicolae_dithmenos_through_a_glass_darkly
D:6:      kennysheep_steamy, layout_basic, mainiacjoe_overflow_six_doors_small,
          minmay_temple_entry_mini_moons, hangedman_feature_mirror,
          st_stairs_14, minmay_fractal_squares_diagonal_5

Skill      XL: |  1  2  3  4 |
---------------+-------------+-----
Maces & Flails | 3 |  3.7
Armour         | 4 |  4.0
Fighting       | |  3.9
Shields        | |  3.8

Action                     |  1- 3 |  4- 6 || total
---------------------------+-------+-------++-------
  Melee: Flail             |   140 |    34 ||   174
 Armour: Scale mail        |    90 |    22 ||   112
  Dodge: Dodged            |    78 |    16 ||    94
  Block: Buckler           |    32 |     9 ||    41

Table legend: (Time is in decaauts)
 A = Elapsed time spent in this place.
 B = Non-inter-level travel time spent in this place.
 C = Inter-level travel time spent in this place.
 D = Time resting spent in this place.
 E = Time spent auto-exploring this place.
 F = Levels seen in this place.
 G = Mean time per level.
                   A        B        C        D        E       F      G
               +--------+--------+--------+--------+--------+-----+--------+
         Total |   1967 |   1942 |     25 |     67 |   1433 |   4 |  491.8 |
       Dungeon |   1967 |   1942 |     25 |     67 |   1433 |   4 |  491.8 |
               +--------+--------+--------+--------+--------+-----+--------+

Top non-repeatable levels by time:
     D:1: 1006 daAuts
     D:2: 642 daAuts
     D:6: 255 daAuts
     D:3: 63 daAuts
